 Dungeon Crawl Stone Soup version 0.28.0 (webtiles) character file.

Game seed: 11866311725029022267

54 AmazingTV the Skirmisher (level 3, -5/33 HPs)
             Began as a Minotaur Fighter on July 5, 2022.
             Slain by Sigmund (8 damage)
             ... on level 2 of the Dungeon.
             The game lasted 00:02:02 (943 turns).

AmazingTV the Skirmisher (Minotaur Fighter)          Turns: 943, Time: 00:02:03

Health: -5/33      AC:  7    Str: 22    XL:     3   Next: 66%
Magic:  2/2        EV:  9    Int:  5    God:
Gold:   55         SH:  4    Dex:  9    Spells: 2/2 levels left

rFire   . . .      SeeInvis .   a - +0 flail {mace}
rCold   . . .      Faith    .   c - +0 buckler
rNeg    . . .      Spirit   .   b - +0 scale mail
rPois   .          Reflect  .   (helmet restricted)
rElec   .          Harm     .   (no cloak)
rCorr   .          Rampage  .   (no gloves)
Will    .....                   (no boots)
Stlth   ..........              (no amulet)
HPRegen 0.11/turn               (no ring)
MPRegen 0.08/turn               (no ring)

@: no status effects
A: horns 2, retaliatory headbutt
a: no special abilities


You were on level 2 of the Dungeon.
You visited 1 branch of the dungeon, and saw 2 of its levels.

You collected 55 gold pieces.


Innate Abilities, Weirdness & Mutations

You have a pair of horns on your head.
You reflexively headbutt those who attack you in melee.


   Skills:
 + Level 4.2 Fighting
 + Level 3.2 Maces & Flails
 + Level 4.2 Armour
 + Level 4.2 Shields


You had 2 spell levels left.
You didn't know any spells.
Your spell library was empty.

Inventory:

Hand Weapons
 a - a +0 flail (weapon) {mace}
 g - a +2 dagger of venom {short}
   (You took it off a goblin on level 1 of the Dungeon)
Missiles
 h - 8 bolts
 m - 18 stones (quivered)
Armour
 b - a +0 scale mail (worn)
 c - a +0 buckler (worn)
Magical Staves
 e - a staff of poison {!astaff}
   (You found it on level 1 of the Dungeon)
Wands
 l - a wand of iceblast (8)
   (You found it on level 2 of the Dungeon)
Scrolls
 f - 2 scrolls of teleportation {unknown}
 j - 2 scrolls of noise {unknown}
 k - a scroll of immolation {unknown}
Potions
 d - a potion of might
 i - a potion of attraction {unknown}

Dungeon Overview and Level Annotations

Branches:
Dungeon (2/15)

Altars:

Annotations:
D:2 Sigmund

......<.........# ..
..##........###.# .
..##........# .#
..##........### .####
..............# ......
..#...#.......###....##
..#...#####..........(.
..#...# #.#.#.###.#.#
..#... #.#.#.@.# .##..
..###{### .# #....... .
#....... . ...###.##
##.# ..# #.# ..


There were no monsters in sight!


Message History

You kill the giant cockroach!
You block the quokka's attack.
You closely miss the quokka. You block the quokka's attack.
You barely miss the quokka. You block the quokka's attack.
You miss the quokka. Your headbutt misses the quokka.
You block the quokka's attack. x2
You closely miss the quokka. The quokka closely misses you.
You furiously retaliate!
You headbutt the quokka. The quokka bites you. 😮 HP[-1]
You take 1 damage, and now have 19/33 hp.
You miss the quokka. You headbutt the quokka.
You kill the quokka!
You sock the hobgoblin!
You kill the hobgoblin!
You start resting.
An adder comes into view.
k - a scroll labelled CIXUJO DOCEMI 😮 HP[+1]
You start resting. 😎 HP[+13]
Your hp is fully restored (33).
You now have 55 gold pieces (gained 8).
Found an escape hatch in the floor.
Found two stone staircases leading up.
There is a stone staircase leading up here.
There is an escape hatch in the floor here.
An adder comes into view.
The adder hisses angrily.
You barely miss the adder. The adder closely misses you.
The adder bites you but does no damage.
You thump the adder! The adder closely misses you. You furiously retaliate!
You headbutt the adder!
You kill the adder!
You see here an adder corpse.
l - a wand of iceblast (8)
m - 18 stones A goblin comes into view. It is wielding a +0 club.
A goblin is nearby!
Sigmund the Dreaded comes into view.
He is wielding a +0 scythe.
The goblin shouts!
Sigmund shouts!
You hear an angry hiss.
Sigmund says, "Your kind have come here before.
I understand now why.
You desire death..."
Sigmund casts a spell.
Sigmund flickers and vanishes!
Deactivating autopickup; reactivate with Ctrl-A.
You miss the adder. The adder bites you but does no damage.
You block the adder's attack. Something hits you! 😮 HP[-9]
You take 9 damage, and now have 24/33 hp.
MASSIVE DAMAGE!! (PAUSE)
You miss the adder. Your headbutt misses the adder.
You block the adder's attack. The adder bites you but does no damage.
You block something's attack.
The adder bites you but does no damage. 😕 HP[+1]
You miss the adder. The adder bites you. Something hits you but does no damage.
You block the goblin's attack. The adder bites you. 😮 HP[-6]
You take 6 damage, and now have 19/33 hp.
You closely miss the adder. The adder barely misses you.
Something hits you but does no damage. The goblin closely misses you.
You hit the adder. The adder closely misses you. You furiously retaliate!
You headbutt the adder! The goblin hits you but does no damage.
The adder bites you but does no damage. Something hits you. 😮 HP[-2]
You take 2 damage, and now have 17/33 hp.
You thump the adder!
You kill the adder!
The goblin hits you but does no damage. Something hits you!
* * * LOW HITPOINT WARNING * * *
The goblin hits you but does no damage. 😨 HP[-8]
You take 8 damage, and now have 9/33 hp.
MASSIVE DAMAGE!! (PAUSE)
You closely miss the goblin. You headbutt the goblin.
You kill the goblin!
Something hits you but does no damage. Something hits you.
* * * LOW HITPOINT WARNING * * *
Things that are here:
a +0 club {mace}; a goblin corpse; 😱 HP[-1]
You take 1 damage, and now have 8/33 hp.
You miss something. Something hits you.
* * * LOW HITPOINT WARNING * * *
😱 HP[-4]
You take 4 damage, and now have 4/33 hp.
You sock something! Something hits you.
* * * LOW HITPOINT WARNING * * *
😱 HP[-1]
You take 1 damage, and now have 3/33 hp.
You miss something. Something hits you.
* * * LOW HITPOINT WARNING * * *
😱 HP[-1]
You take 1 damage, and now have 2/33 hp.
You miss something. Your headbutt misses something. You hit something.
You hear some strange, mumbled words.
Something tries to affect you, but you resist.
You block something's attack.
You sock something! You barely miss something. You block something's attack.
You closely miss something. Your headbutt misses something. Something hits you!
You die...

Skill      XL: |  1  2  3 |
---------------+----------+-----
Fighting       | 4 |  4.2
Shields        | 4 |  4.2
Armour         | 4 |  4.2
Maces & Flails | 3 |  3.2

Action                   || total
-------------------------++-------
Melee: Flail             ||    73
       Headbutt          ||     7
Armor: Scale mail        ||    28
Dodge: Dodged            ||    29
Block: Buckler           ||    19

Levels and vault maps discovered:
D:1:      minmay_arrival_split_and_join, layout_rooms, hangedman_decor_lopped,
          hangedman_decor_diamond_cutter
D:2:      layout_basic, ebering_ecumenical_altar_hall,
          minmay_misc_feat_nine_boxes, grunt_ministairs_10,
          chequers_serial_rivers_room_b, uniq_sigmund

Notes
Turn   | Place    | Note
-------+----------+-------------------------------------------
     0 | D:1      | AmazingTV the Minotaur Fighter began the quest for the Orb.
     0 | D:1      | Reached XP level 1. HP: 19/19 MP: 0/0
     0 | D:1      | magus.rc [v1.9.6]
    87 | D:1      | Reached XP level 2. HP: 27/27 MP: 1/1
   286 | D:1      | Reached skill level 4 in Fighting
   308 | D:1      | Reached skill level 4 in Shields
   354 | D:1      | Reached skill level 4 in Armour
   717 | D:2      | Reached XP level 3. HP: 33/33 MP: 2/2
   720 | D:2      | Reached skill level 3 in Maces & Flails
   924 | D:2      | Noticed Sigmund
   935 | D:2      | HP: 8/33 [something (1)]
   937 | D:2      | HP: 3/33 [something (1)]
   943 | D:2      | Slain by Sigmund

Vanquished Creatures
  2 adders (D:2)
  4 endoplasms (D:1)
  2 giant cockroaches
  5 goblins
  6 hobgoblins
  2 jackals (D:1)
  2 kobolds (D:1)
  2 quokkas
  2 bats (D:1)
  3 frilled lizards
  3 rats (D:1)
33 creatures vanquished.

Table legend:
 A = Non-vault XP
 B = Vault XP
 C = Vault XP percentage of total XP
 D = Non-vault monster count
 E = Vault monster count
 F = Vault count percentage of total count
                 A         B        C        D         E       F
            +---------+---------+-------+---------+---------+-------
      Total |      74 |       4 |   5.1 |      31 |       2 |   6.1
            +---------+---------+-------+---------+---------+-------
        D:1 |      40 |       0 |   0.0 |      25 |       0 |   0.0
        D:2 |      34 |       4 |  10.5 |       6 |       2 |  25.0
            +---------+---------+-------+---------+---------+-------

Illustrated notes

Table legend:
 A = Kills in this place as a percentage of kills in entire the game.
 B = Kills by you in this place as a percentage of kills by you in the entire game.
 C = Kills by friends in this place as a percentage of kills by friends in the entire game.
 D = Other kills in this place as a percentage of other kills in the entire game.
 E = Experience gained in this place as a percentage of experience gained in the entire game.
 F = Experience gained in this place divided by the number of levels of this place that you have seen.
                   A       B       C       D       E      F
               +-------+-------+-------+-------+-------+----------------------
         Total | 100.0 | 100.0 |   N/A |   N/A | 100.0 |  39.0
       Dungeon | 100.0 | 100.0 |   N/A |   N/A | 100.0 |  39.0
               +-------+-------+-------+-------+-------+----------------------

Table legend: (Time is in decaauts)
 A = Elapsed time spent in this place.
 B = Non-inter-level travel time spent in this place.
 C = Inter-level travel time spent in this place.
 D = Time resting spent in this place.
 E = Time spent auto-exploring this place.
 F = Levels seen in this place.
 G = Mean time per level.
                   A        B        C        D        E       F      G
               +--------+--------+--------+--------+--------+-----+--------+
         Total |    964 |    954 |     10 |    188 |    590 |   2 |  482.0 |
       Dungeon |    964 |    954 |     10 |    188 |    590 |   2 |  482.0 |
               +--------+--------+--------+--------+--------+-----+--------+

Top non-repeatable levels by time:
     D:1: 724 daAuts
     D:2: 240 daAuts
